[Event "Early-Titled-Tuesday-Blitz-July-09-2024"]
[Site "Chess.com"]
[Date "2024.07.09"]
[Round "5"]
[White "mouseslips_are_the_best"]
[Black "CristhianPortalR"]
[Result "0-1"]
[WhiteElo "2316"]
[BlackElo "2509"]
[TimeControl "180+1"]
[EndTime "8:58:15 PDT"]
[Termination "CristhianPortalR won by resignation"]

1. e4 c5 2. Nf3 d6 3. d4 cxd4 4. Nxd4 Nf6 5. Nc3 a6 6. Bc4 e6 7. O-O Nbd7 8. Bxe6 fxe6 9. Nxe6 Qb6 10. Be3 Nc5 11. Nd5 Nxd5 12. exd5 Bxe6 13. dxe6 O-O-O 14. Qg4 Be7 15. b4 h5 16. bxc5 hxg4 17. cxb6 d5 18. Bf4 Rdf8 19. Bg3 Rf6 20. Rfe1 Rhh6 21. Re5 Rxe6 22.
Rae1 Rxe5 23. Rxe5 Rxb6 24. h3 Bf6 25. Rxd5 gxh3 26. gxh3 Rb2 27. Rc5+ Kd8 28. a4 Rb4 29. Rc7 Rxa4 30. Rxb7 Rc4 31. Ra7 Rc6 32. Kg2 Bd4 33.
Ra8+ Ke7 34. Kf3 Ke6 35. Ke4 Bf6 36. f4 Rc4+ 37. Kd3 Rc3+ 38. Ke4 Rxg3 39. Rxa6+ Kf7 40. c4 Rxh3 41. c5 Ke7 42. Kd5 Rh5+ 43. Kc6 Bd4 44.
Ra7+ Kf6 45. Rb7 Rxc5+ 46. Kd6 Rf5 47. Rb8 Rxf4 48. Kd5 Be3 49. Rf8+ Kg5 50. Re8 Bf2 51. Ke5 Bd4+ 52. Ke6 Bf6 53. Rg8 Re4+ 54. Kf7 Re7+ 55.
Kf8 Ra7 56. Rxg7+ Bxg7+ 57. Kg8 Be5 58. Kf8 Kf6 59. Kg8 Rb7 0-1

[Event "Early-Titled-Tuesday-Blitz-July-09-2024"]
[Site "Chess.com"]
[Date "2024.07.09"]
[Round "5"]
[White "Bilan_Danila"]
[Black "Andrei_Skvortsov"]
[Result "1/2-1/2"]
[WhiteElo "2596"]
[BlackElo "2801"]
[TimeControl "180+1"]
[EndTime "8:58:16 PDT"]
[Termination "Game drawn by repetition"]

1. d4 e6 2. Nf3 c5 3. e3 b6 4. c4 Bb7 5. Nc3 Nf6 6. Be2 cxd4 7. exd4 Bb4 8. O-O O-O 9. Bg5 h6 10. Bh4 d5 11. Ne5 Be7 12. Bf3 Nbd7 13. cxd5 Nxd5 14.
Bxe7 Qxe7 15. Nxd5 Bxd5 16. Bxd5 exd5 17. Re1 Rfe8 18.
Qb3 Qd6 19. Nxd7 Qxd7 20. h3 Rac8 21. Qd3 Qd6 22. Rxe8+ Rxe8 23. Rc1 g6 24. g3 Re4 25.
Rc8+ Kg7 26. Kg2 Qb4 27. Qa6 Qxd4 28. Rc2 Re7 29. Qc8 Qe4+ 30. Kh2 Qf3 31. Qc3+ Qxc3 32. bxc3 Kf6 33. f4 Re1 34. Kg2 Ke6 35. Kf3 Rh1 36. Kg4 h5+ 37. Kh4 Kf6 38. Rd2 Rc1 39. Rxd5 Rxc3 40.
g4 hxg4 41. hxg4 Ra3 42. Rd2 Ra4 43. Kg3 Ke7 44. Re2+ Kd7 45. Rd2+ Ke8 46. Re2+ Kf8 47. Rc2 Kg7 48. Kf3 a6 49. Kg3 b5 50. Re2 Rc4 51. Rd2 Kf6 52. Re2 a5 53. g5+ Kg7 54. Kg4 Rc3 55.
Re5 Ra3 56. Rxb5 Rxa2 57. Rb8 Ra1 58. Ra8 Ra3 59. Ra7 Kf8 60. Ra6 a4 61. f5 gxf5+ 62. Kxf5 Kg7 63. Ra7 Ra1 64. g6 Rf1+ 65. Kg5 Rg1+ 66. Kf5 Re1 67. Rxf7+ Kg8 68. Ra7 Rf1+ 69.
Kg5 Rg1+ 70. Kf6 Rf1+ 71. Kg5 Rg1+ 72. Kf6 Rf1+ 73. Kg5 1/2-1/2

[Event "Early-Titled-Tuesday-Blitz-July-09-2024"]
[Site "Chess.com"]
[Date "2024.07.09"]
[Round "5"]
[White "ArmanGhevondyanchess"]
[Black "JordanLoyd2020"]
[Result "1-0"]
[WhiteElo "2744"]
[BlackElo "2512"]
[TimeControl "180+1"]
[EndTime "8:58:16 PDT"]
[Termination "ArmanGhevondyanchess won by resignation"]

1. Nf3 d5 2. g3 Nc6 3. d4 Bf5 4. Bg2 Nb4 5. Na3 e6 6. O-O Nf6 7. c4 c6 8. Ne5 Be7 9. Bf4 O-O 10. Nd3 Nxd3 11. exd3 Bd6 12. Bxd6 Qxd6 13. c5 Qc7 14. b4 e5 15. Nc2 Rfe8 16. Ne3 Bg6 17. dxe5 Qxe5 18.
d4 Qc7 19. b5 Be4 20. a4 Qa5 21. Qe1 Qxe1 22. Rfxe1 Re6 23. f3 Bg6 24. Bh3 Re7 25. Nf5 Rxe1+ 26. Rxe1 Bxf5 27. Bxf5 Kf8 28. h4 g6 29. Bh3 h6 30. Kf2 g5 31. hxg5 hxg5 32. Bf5 Rb8 33. Re5 Rd8 34. Bd3 g4 35. f4 Re8 36.
Bf5 Ne4+ 37. Bxe4 dxe4 38. Ke3 f6 39. Rxe4 Kf7 40. Rxe8 Kxe8 41. Ke4 1-0

[Event "Early-Titled-Tuesday-Blitz-July-09-2024"]
[Site "Chess.com"]
[Date "2024.07.09"]
[Round "5"]
[White "betta2004"]
[Black "KVAIDAN"]
[Result "1-0"]
[WhiteElo "2515"]
[BlackElo "2323"]
[TimeControl "180+1"]
[EndTime "8:58:16 PDT"]
[Termination "betta2004 won by checkmate"]

1. Nf3 f5 2. b3 Nf6 3. Bb2 d6 4. d4 e6 5. e3 Be7 6. c4 O-O 7. Bd3 b6 8. Nbd2 Bb7 9. Qc2 a5 10. e4 fxe4 11. Nxe4 Nxe4 12. Bxe4 Bxe4 13. Qxe4 Nd7 14.
Qxe6+ Kh8 15. O-O Rf6 16. Qe2 Rg6 17. Rfe1 Bf6 18. d5 a4 19. Nd4 a3 20. Bc3 Be5 21.
Ne6 Qh4 22. Bxe5 Nxe5 23. f4 Ng4 24. h3 Nf6 25. Qf2 Qxh3 26. Ng5 Qf5 27. Re7 Rf8 28. Qh4 Rh6 29. Qg3 Rg6 30. Rae1 Nh5 31.
Qh4 Qxf4 32. Rf7 Rf6 33. Qxh5 h6 34. Rxf8+ Rxf8 35. Nf3 Qd2 36. Nxd2 Rf6 37. Re8+ Kh7 38. Ne4 Rf4 39. Re7 b5 40. Ng5+ Kg8 41. Re8+ Rf8 42. Qf7+ Kh8 43. Rxf8# 1-0

[Event "Early-Titled-Tuesday-Blitz-July-09-2024"]
[Site "Chess.com"]
[Date "2024.07.09"]
[Round "5"]
[White "sergeikim"]
[Black "rionelG"]
[Result "1-0"]
[WhiteElo "2594"]
[BlackElo "2422"]
[TimeControl "180+1"]
[EndTime "8:58:17 PDT"]
[Termination "sergeikim won on time"]

1. d4 Nf6 2. c4 g6 3. Nc3 Bg7 4. e4 d6 5. Nge2 Nbd7 6. Ng3 h5 7. Be2 e5 8. d5 a5 9. Bg5 Bh6 10. Bxh6 Rxh6 11. Qd2 Rh8 12. h4 Nc5 13. f3 Qe7 14.
Nf1 Qf8 15. Ne3 Qh6 16. Nb5 Kd8 17. g3 Bd7 18. Nc3 b6 19. O-O-O Kc8 20. b3 Kb7 21. Kb2 a4 22. b4 a3+ 23. Ka1 Na4 24. Nxa4 Rxa4 25.
Rb1 Rha8 26. c5 bxc5 27. bxc5+ Kc8 28. cxd6 cxd6 29. Rhc1+ Kd8 30. Rc3 Ne8 31. Qc2 Ke7 32. Rb7 R4a7 33. Rb4 Ra4 34. Rbb3 R8a7 35. Nc4 Rc7 36. Nb6 Rxc3 37. Rxc3 Ra7 38. Bb5 Bxb5 39. Nc8+ Kf8 40. Nxa7 Bf1 41. Qc1 Qxc1+ 42. Rxc1 Bg2 43. Rc3 1-0

[Event "Early-Titled-Tuesday-Blitz-July-09-2024"]
[Site "Chess.com"]
[Date "2024.07.09"]
[Round "5"]
[White "honestgames"]
[Black "Aslanov_Umid"]
[Result "1-0"]
[WhiteElo "2853"]
[BlackElo "2635"]
[TimeControl "180+1"]
[EndTime "8:58:18 PDT"]
[Termination "honestgames won on time"]

1. e4 c5 2. Nf3 d6 3. d4 cxd4 4.
Nxd4 Nf6 5. Nc3 a6 6. Bd3 e5 7. Nde2 Be7 8. O-O O-O 9. Ng3 Nc6 10. a3 Be6 11. Nd5 Bxd5 12. exd5 Nb8 13. c4 g6 14.
Bh6 Re8 15. Rc1 Nbd7 16. Be3 Bf8 17. Bb1 Bg7 18. f3 Rc8 19. Ne4 Qc7 20. b4 b6 21.
Qa4 Nxe4 22. fxe4 Qb7 23. Bd3 a5 24. Qb5 axb4 25. axb4 Ra8 26. c5 dxc5 27. bxc5 Nf6 28. Qxb6 Qe7 29. d6 Qe6 30. Bc4 Qg4 31. Qb7 Rf8 32.
Bxf7+ Kh8 33. h3 Qg3 34. Rf3 Qh4 35. Rcf1 Ra3 36. Bf2 Rxf3 37. Bxh4 Rxf1+ 38. Kxf1 Nh5 39. Kg1 Nf4 40. Qe7 h6 41. Bf6 1-0

[Event "Early-Titled-Tuesday-Blitz-July-09-2024"]
[Site "Chess.com"]
[Date "2024.07.09"]
[Round "5"]
[White "Zhigalko_Sergei"]
[Black "MagnusCarlsen"]
[Result "0-1"]
[WhiteElo "2932"]
[BlackElo "3183"]
[TimeControl "180+1"]
[EndTime "8:58:19 PDT"]
[Termination "MagnusCarlsen won by resignation"]

1. e4 Nc6 2. Nf3 e5 3. Bc4 Bc5 4. b4 Bxb4 5. c3 Ba5 6. d4 exd4 7. O-O Bb6 8. cxd4 d6 9. Nc3 Bg4 10. Bb5 a6 11. Ba4 Ba5 12. Nd5 Ne7 13. Bg5 b5 14.
Bb3 h6 15. Bh4 O-O 16. h3 Bh5 17. Rc1 Qd7 18. Bxe7 Nxe7 19. Nf4 Bxf3 20. Qxf3 Bd2 21. Rc2 Bxf4 22. Qxf4 c6 23. Rfc1 a5 24. a3 Rab8 25. Rc3 a4 26. Ba2 b4 27. axb4 Rxb4 28. Rg3 Kh8 29.
Bxf7 Rxd4 30. Qe3 c5 31. Ba2 Nc6 32. Bd5 Nb4 33. Bc4 Qe7 34. f3 Qe5 35. Rg6 d5 36. Rxh6+ gxh6 37. Qxh6+ Kg8 38. Bxd5+ Nxd5 39. Rxc5 Rd1+ 40.
Kf2 Qd4+ 41. Kg3 Qg7+ 42. Qxg7+ Kxg7 43. Rxd5 Rxd5 44. exd5 a3 0-1

[Event "Early-Titled-Tuesday-Blitz-July-09-2024"]
[Site "Chess.com"]
[Date "2024.07.09"]
[Round "5"]
[White "adreyd"]
[Black "Chernov_Alexander_A"]
[Result "1-0"]
[WhiteElo "2422"]
[BlackElo "2267"]
[TimeControl "180+1"]
[EndTime "8:58:19 PDT"]
[Termination "adreyd won on time"]

1. d4 Nf6 2. Nf3 e6 3. Bg5 c5 4. e4 cxd4 5. e5 h6 6. Bh4 g5 7.
Bg3 Qa5+ 8. Qd2 Qxd2+ 9. Nbxd2 Nh5 10. Nxd4 Nxg3 11. hxg3 Nc6 12. Nxc6 bxc6 13. Ne4 Bg7 14. f4 Ke7 15. O-O-O a5 16. a4 Ba6 17. Bxa6 Rxa6 18. Rd3 Ra7 19. Rhd1 Rb8 20. c3 Rab7 21. R1d2 Rc7 22.
Nc5 Ra7 23. Rxd7+ Rxd7 24. Rxd7+ Ke8 25. Ra7 h5 26. Ne4 gxf4 27. Nd6+ Kf8 28. Rxf7+ Kg8 29. gxf4 h4 30. Re7 Rf8 31. Re8 Kh7 32. Rxf8 Bxf8 33. Kd2 Kg6 34. Ke3 Kh5 35. Kf3 Kh6 36. b4 Be7 37. bxa5 Bd8 38. a6 Bb6 39. Nc8 1-0

[Event "Early-Titled-Tuesday-Blitz-July-09-2024"]
[Site "Chess.com"]
[Date "2024.07.09"]
[Round "5"]
[White "KorolDimitriy75"]
[Black "lluiss"]
[Result "1-0"]
[WhiteElo "2395"]
[BlackElo "2171"]
[TimeControl "180+1"]
[EndTime "8:58:19 PDT"]
[Termination "KorolDimitriy75 won on time"]

1. d4 Nf6 2. c4 g6 3. Nc3 d5 4.
cxd5 Nxd5 5. e4 Nxc3 6. bxc3 Bg7 7. Nf3 c5 8. Rb1 O-O 9. Be2 cxd4 10. cxd4 Qa5+ 11. Qd2 Qxd2+ 12. Bxd2 e6 13. O-O Nc6 14. d5 exd5 15. exd5 Nd4 16. Nxd4 Bxd4 17. Bf3 Rd8 18. Rfd1 Bb6 19. Bg5 Rd7 20. d6 Kg7 21. Be7 Bd8 22. Re1 Rb8 23. Rbc1 Ba5 24. Re5 Bb6 25. Re2 Rxe7 26.
Rxe7 Be6 27. Rxb7 Rd8 28. Rd1 Bc5 29. d7 Bb6 30. a4 Kf6 31. Bc6 Ke7 32. g3 Bc5 33. Kg2 Bb6 34. h3 Bc5 35. Rd2 h5 36. Rc2 Bb6 37. Rd2 Bc5 38. a5 Kf8 39. Rc2 Bd4 40.
Kg1 Ke7 41. Ba4 Bxd7 42. Rcc7 1-0

[Event "Early-Titled-Tuesday-Blitz-July-09-2024"]
[Site "Chess.com"]
[Date "2024.07.09"]
[Round "5"]
[White "DucksParadise"]
[Black "Bkmzzzzz"]
[Result "1-0"]
[WhiteElo "2617"]
[BlackElo "2420"]
[TimeControl "180+1"]
[EndTime "8:58:20 PDT"]
[Termination "DucksParadise won by resignation"]

1. d4 Nf6 2. Nf3 e6 3. Bf4 b6 4.
e3 Bb7 5. h3 Bd6 6. Bxd6 cxd6 7.
c4 O-O 8. Nc3 d5 9. Rc1 Qe7 10.
Bd3 dxc4 11. Bxc4 Nc6 12. O-O Rac8 13. Qe2 Na5 14. Bd3 h6 15. e4 d6 16. Rc2 Rc7 17. Rfc1 Rfc8 18. b4 Nc4 19. Nb5 d5 20. exd5 exd5 21.
Nxc7 Qxe2 22. Bxe2 Rxc7 23. Ne5 b5 24. Nd3 Re7 25.
Nc5 Bc8 26. Bd3 g6 27. Re2 Rc7 28. a4 a6 29. axb5 axb5 30. Ra1 Kg7 31. Ra8 Bf5 32. Bxf5 gxf5 33. Rb8 Nd6 34. f3 f4 35. Rb6 Nf5 36. Rd2 Re7 37. Rxb5 Re1+ 38. Kf2 Rb1 39. Rb7 Ng3 40. Ne6+ Kg6 41. Nxf4+ Kf5 42. Kxg3 h5 43.
h4 Rb3 44. Rd3 Rb1 45. Rxf7 Rb2 46. Rxf6+ Kxf6 47. Nxd5+ Kf5 48. Nf4 Rxb4 49. Nxh5 Rb2 50. Nf4 Kf6 51. d5 Ke7 52. d6+ Kd7 53. Ne6 Rb5 54.
Nf8+ Kd8 55. d7 Rb6 56. h5 Rh6 57. Kg4 Rf6 58. Ng6 Rc6 59. Kg5 Rc5+ 60. Kf6 Rc6+ 61. Kg7 Re6 62. h6 Re1 63. h7 Rh1 64. h8=Q+ Rxh8 65. Kxh8 1-0

[Event "Early-Titled-Tuesday-Blitz-July-09-2024"]
[Site "Chess.com"]
[Date "2024.07.09"]
[Round "5"]
[White "Didici"]
[Black "dropstoneDP"]
[Result "0-1"]
[WhiteElo "2751"]
[BlackElo "3036"]
[TimeControl "180+1"]
[EndTime "8:58:21 PDT"]
[Termination "dropstoneDP won on time"]

1. e4 e5 2. Nf3 Nf6 3. Nxe5 d6 4.
Nf3 Nxe4 5. Nc3 Nf6 6. d4 Be7 7. Bd3 Nc6 8. h3 Nb4 9. Bb5+ c6 10.
Ba4 O-O 11. O-O Re8 12. a3 Nbd5 13. Nxd5 Nxd5 14. c4 Nb6 15. Bc2 Bf6 16. Rb1 g6 17. b3 d5 18. c5 Nd7 19. Bf4 Nf8 20. Qd2 Ne6 21. Bd6 Ng5 22. Nxg5 Bxg5 23. f4 Be7 24. Bxe7 Qxe7 25. Rbe1 Qf8 26. Rxe8 Qxe8 27. f5 Bd7 28. f6 Qf8 29. Re1 Re8 30. b4 Rxe1+ 31. Qxe1 Qh6 32. Qg3 Be8 33. Qe5 Qf8 34. Qc7 Qh6 35. Qe5 Qf8 36. Qb8 h5 37. Qxb7 Qh6 38. Qb8 Qe3+ 39.
Kh2 Kh7 40. Qe5 Qh6 41. Bd3 h4 42. Kg1 Bd7 43. Kf2 Qd2+ 44. Be2 Be6 45. Qe3 Qb2 46.
Qf4 Kg8 47. Qxh4 Qd2 0-1

[Event "Early-Titled-Tuesday-Blitz-July-09-2024"]
[Site "Chess.com"]
[Date "2024.07.09"]
[Round "5"]
[White "Dedic8"]
[Black "ChessSwole"]
[Result "1-0"]
[WhiteElo "2970"]
[BlackElo "2704"]
[TimeControl "180+1"]
[EndTime "8:58:22 PDT"]
[Termination "Dedic8 won on time"]

1. d4 e6 2. c4 f5 3. Nc3 Nf6 4. g3 d5 5. Bg2 Bd6 6. Nf3 c6 7. O-O O-O 8. Bf4 Ne4 9. e3 Be7 10. h4 Nd7 11. Ne5 Nxe5 12. Bxe5 b6 13. Ne2 Qd7 14. b3 a5 15. Nf4 Ba6 16. Qc2 Rac8 17.
Rfd1 b5 18. c5 b4 19. a3 Nc3 20. Re1 Ra8 21. axb4 axb4 22. Nd3 Qb7 23. Bf1 Bxd3 24. Qxd3 Rxa1 25. Rxa1 Ra8 26. Rxa8+ Qxa8 27. Qa6 Qxa6 28. Bxa6 Kf7 29. Bb7 Ne2+ 30. Kf1 Nc1 31. Bc7 Nxb3 32. Ke2 e5 33. Bxc6 Ke6 34. Bxe5 Nxc5 35. Bxg7 Ne4 36. f3 Nxg3+ 37. Kd3 Bxh4 38. Be5 Nf1 39. Bb7 Bf6 40. Bc8+ Kf7 41. Bd6 h5 42. Ke2 b3 43. Bxf5 1-0

[Event "Early-Titled-Tuesday-Blitz-July-09-2024"]
[Site "Chess.com"]
[Date "2024.07.09"]
[Round "5"]
[White "AsaHoffmann"]
[Black "Slovineanu"]
[Result "1-0"]
[WhiteElo "2403"]
[BlackElo "2558"]
[TimeControl "180+1"]
[EndTime "8:58:22 PDT"]
[Termination "AsaHoffmann won on time"]

1. d4 Nf6 2. Bg5 Ne4 3. Bf4 d5 4. f3 Nd6 5. Nc3 e6 6. e4 c6 7.
Bd3 a6 8. Qd2 Nd7 9. Nge2 b5 10.
a3 Bb7 11. b3 Rc8 12. O-O Be7 13. Rae1 O-O 14. Ng3 Qb6 15. Nce2 c5 16. c3 b4 17. axb4 cxb4 18. cxb4 Nb5 19. Be3 Na3 20. Ra1 Bxb4 21. Qd1 Nb5 22. Kh1 Nc3 23. Nxc3 Bxc3 24. Ra4 a5 25. e5 Bc6 26. Ra2 Bb5 27. f4 g6 28.
f5 exf5 29. Bh6 Bxd3 30. Qxd3 Rfe8 31. Raf2 Bxd4 32. Rxf5 Nxe5 33. Qd2 Ng4 34. Rxf7 Nf2+ 35. R1xf2 Bxf2 36. Rxf2 Qe6 37. h3 Qe5 38. Bf4 Qa1+ 39. Kh2 Qg7 40. Qxd5+ Kh8 41. Bg5 Rcd8 42. Qxd8 Rxd8 43. Bf6 1-0

[Event "Early-Titled-Tuesday-Blitz-July-09-2024"]
[Site "Chess.com"]
[Date "2024.07.09"]
[Round "5"]
[White "Massakru"]
[Black "Ganziitoo"]
[Result "0-1"]
[WhiteElo "2376"]
[BlackElo "2211"]
[TimeControl "180+1"]
[EndTime "8:58:22 PDT"]
[Termination "Ganziitoo won by resignation"]

1. e4 d6 2. d4 Nf6 3. Nc3 Nbd7 4.
Nf3 e5 5. Bc4 Be7 6. O-O O-O 7.
Qe2 c6 8. Rd1 b5 9. dxe5 dxe5 10. Bb3 Qc7 11. Bg5 Nc5 12. h3 a5 13. a4 Nxb3 14. cxb3 b4 15. Na2 Be6 16. Qe3 h6 17.
Bh4 Rfd8 18. Bg3 Nd7 19. Rac1 Bf6 20. Rd3 Rdc8 21. Rcd1 Nb6 22. Nxe5 Bxe5 23. Bxe5 Qxe5 24. Qxb6 Qxe4 25. Nc1 Bd5 26. f3 Qe5 27. Qd4 Re8 28. Qxe5 Rxe5 29. f4 Re4 30. Rd4 Rae8 31. Rxe4 Rxe4 32.
g3 Re3 33. Kh2 f6 34. h4 h5 35. Rg1 Kf7 36. g4 hxg4 37. Rxg4 Rf3 38. Kg1 Rh3 39. Ne2 Rxb3 40. Nd4 Rxb2 41. h5 Rd2 42. Nf5 b3 43. Rxg7+ Ke6 44. Ne3 Re2 45. f5+ Kd6 46. Nxd5 cxd5 47. Rb7 b2 48. Kf1 Rc2 49. Rb6+ Kc5 50.
Rb5+ Kd4 0-1

[Event "Early-Titled-Tuesday-Blitz-July-09-2024"]
[Site "Chess.com"]
[Date "2024.07.09"]
[Round "5"]
[White "BillCoe"]
[Black "Chesstiger64"]
[Result "0-1"]
[WhiteElo "2057"]
[BlackElo "2367"]
[TimeControl "180+1"]
[EndTime "8:58:22 PDT"]
[Termination "Chesstiger64 won on time"]

1. e4 c5 2. Nf3 e6 3. d4 cxd4 4. Nxd4 Nf6 5. Bd3 Nc6 6. Nb5 a6 7.
N5c3 d5 8. exd5 Nxd5 9. Nxd5 Qxd5 10. O-O Be7 11. Nc3 Qd7 12. Re1 b5 13. Bf4 Bb7 14. Be4 Rd8 15. Qxd7+ Rxd7 16. Rad1 Bf6 17. Rxd7 Kxd7 18.
Rd1+ Kc8 19. Rd6 Rd8 20. Rxd8+ Kxd8 21. Nd1 g6 22. c3 Kd7 23. Kf1 Na5 24. Bxb7 Nxb7 25.
Ke2 e5 26. Bd2 Ke6 27. Ne3 Be7 28. f3 f5 29. b3 Nc5 30. c4 Bd6 31. cxb5 axb5 32.
g4 e4 33. gxf5+ gxf5 34. h3 h5 35. Be1 Bf4 36. a4 bxa4 37. bxa4 Nxa4 38. Bb4 Nb6 39. Ng2 Be5 40. fxe4 fxe4 41. Ne3 Nd5 42. Nxd5 Kxd5 43. Bd2 Bd4 44. Bg5 Ke5 45. h4 Kf5 46. Kf1 Bf6 47.
Bd2 Bxh4 48. Kg2 Kg4 49. Bb4 Bg5 50. Bc5 Bf4 51. Bd4 h4 52. Bc5 h3+ 53. Kh1 Kf3 54. Bd4 Bg3 55. Bc5 Bf2 56. Bb4 Ke2 57. Kh2 Kd1 58. Kxh3 e3 59. Kg2 Be1 60. Bc5 e2 0-1

[Event "Early-Titled-Tuesday-Blitz-July-09-2024"]
[Site "Chess.com"]
[Date "2024.07.09"]
[Round "5"]
[White "Adrian-thorsen"]
[Black "chess_blitz00"]
[Result "0-1"]
[WhiteElo "2316"]
[BlackElo "2515"]
[TimeControl "180+1"]
[EndTime "8:58:24 PDT"]
[Termination "chess_blitz00 won by checkmate"]

1. e4 b6 2. d4 Bb7 3. Nc3 e6 4. Bd3 Bb4 5. Ne2 Nf6 6. a3 Bxc3+ 7. Nxc3 c5 8. dxc5 bxc5 9. e5 Nd5 10. Nxd5 Bxd5 11.
O-O Qh4 12. f4 O-O 13. c4 Bb7 14. Be3 Qe7 15. Qh5 h6 16. f5 exf5 17. Bxh6 Qxe5 18.
Rxf5 Qxb2 19. Rg5 Qxa1+ 20. Bf1 Qd4+ 21. Kh1 Re8 22. Rxg7+ Qxg7 23. Bxg7 Kxg7 24. Qg5+ Kf8 25. h3 d6 26. Qh6+ Ke7 27. Qe3+ Kd7 28. Qf4 Re7 29. Kg1 Nc6 30. Qf5+ Kc7 31. Qf6 Rae8 32. Qb2 Nd4 33. Qf2 f5 34. h4 Rg7 35. Qf4 Reg8 36. Qf2 Nf3+ 37. Kh1 Nd4 38. Kh2 Rg4 39. h5 Rh8 40. Qxf5 Nxf5 41. Kh3 Rh4# 0-1

[Event "Early-Titled-Tuesday-Blitz-July-09-2024"]
[Site "Chess.com"]
[Date "2024.07.09"]
[Round "5"]
[White "Orest_Vovk"]
[Black "ilya2700"]
[Result "1-0"]
[WhiteElo "2540"]
[BlackElo "2241"]
[TimeControl "180+1"]
[EndTime "8:58:25 PDT"]
[Termination "Orest_Vovk won on time"]

1. e4 c5 2. g4 e6 3. d3 d5 4. Nc3 Nc6 5. Bg2 d4 6. Nce2 e5 7. h3 Be7 8. f4 Bh4+ 9. Kf1 h5 10. f5 Bd7 11. Nf3 Be7 12. g5 Qc7 13. h4 O-O-O 14. Kf2 Rf8 15. c4 Bd6 16. Bd2 Nge7 17. Ng3 Kb8 18.
a3 a5 19. Qc2 g6 20. f6 Nc8 21. Rhb1 Bg4 22. b4 Bxf3 23. Bxf3 axb4 24. axb4 cxb4 25.
c5 N6a7 26. Bxb4 Qc6 27. Qa4 Bc7 28. Qa3 Rd8 29. Bd1 Rhe8 30. Ba4 Qa6 31. Bxe8 Qxa3 32. Rxa3 Rxe8 33. Rab3 Nc6 34. Bd2 b6 35. cxb6 Bxb6 36. Rxb6+ Nxb6 37. Rxb6+ Kc7 38. Rb2 Ra8 39. Ke2 Ra1 40. Nf1 Kd6 41. Nh2 Nd8 42. Nf3 Ne6 43. Bb4+ Kc7 44. Rc2+ Kb6 45. Bd2 Rh1 46. Rc8 Rh3 47.
Re8 1-0

[Event "Early-Titled-Tuesday-Blitz-July-09-2024"]
[Site "Chess.com"]
[Date "2024.07.09"]
[Round "5"]
[White "AlbusSevresPotter"]
[Black "Juicy_Fork"]
[Result "1-0"]
[WhiteElo "2611"]
[BlackElo "2450"]
[TimeControl "180+1"]
[EndTime "8:58:26 PDT"]
[Termination "AlbusSevresPotter won on time"]

1. e4 e5 2. Nf3 Nc6 3. Bb5 a6 4. Ba4 d6 5. O-O Bd7 6. c4 g6 7. Nc3 Bg7 8. Bxc6 bxc6 9. d4 exd4 10. Nxd4 c5 11. Nc2 Ne7 12. Qd3 O-O 13. b3 Nc6 14.
Bb2 Re8 15. Rae1 Ne5 16. Qd2 Bc6 17. f4 Ng4 18. h3 Nf6 19. Nd5 Nxe4 20. Bxg7 Nxd2 21. Rxe8+ Bxe8 22. Bf6 Qd7 23. Re1 Rb8 24.
Bc3 Nf3+ 25. gxf3 Qxh3 26. Nce3 Bd7 27. Kf2 Be6 28. Nf6+ Kf8 29. f5 Qh4+ 30. Kg2 gxf5 31. Rh1 Qg5+ 32. Kf2 Ke7 33. Nxh7 Qg6 34. Nf6 f4 35.
Ned5+ Bxd5 36. Nxd5+ Kd7 37. Re1 Qc2+ 38. Re2 1-0

[Event "Early-Titled-Tuesday-Blitz-July-09-2024"]
[Site "Chess.com"]
[Date "2024.07.09"]
[Round "5"]
[White "JoliyRoger"]
[Black "Vision_64"]
[Result "0-1"]
[WhiteElo "2414"]
[BlackElo "2315"]
[TimeControl "180+1"]
[EndTime "8:58:26 PDT"]
[Termination "Vision_64 won on time"]

1. d4 Nf6 2. c4 c5 3. d5 b5 4.
cxb5 a6 5. e3 d6 6. Nc3 g6 7. a4 Bg7 8. Bc4 O-O 9. Nge2 Nbd7 10. O-O Nb6 11. b3 axb5 12. Bxb5 Nfxd5 13. Bb2 Nb4 14. Qd2 Be6 15. Nc1 Nd7 16. N3a2 Bxb2 17. Qxb2 Nxa2 18. Nxa2 Qa5 19. Rac1 Rfb8 20. Nc3 Ne5 21.
f4 Nc4 22. bxc4 Bxc4 23. Rfe1 d5 24. Qc2 Bxb5 25. axb5 d4 26. exd4 cxd4 27. Nd5 e6 28. Nf6+ Kg7 29. Ng4 Qxb5 30. Qe4 Rd8 31. Rb1 Qd5 32.
Qe5+ Qxe5 33. Nxe5 d3 34. Rb7 d2 35. Rd1 Rac8 36.
Kf2 Rd4 37. g3 Rc1 38. Ke2 Rc2 39. Rxf7+ Kg8 0-1

[Event "Early-Titled-Tuesday-Blitz-July-09-2024"]
[Site "Chess.com"]
[Date "2024.07.09"]
[Round "5"]
[White "karinachess1"]
[Black "Nemegejas"]
[Result "0-1"]
[WhiteElo "2688"]
[BlackElo "2942"]
[TimeControl "180+1"]
[EndTime "8:58:27 PDT"]
[Termination "Nemegejas won by checkmate"]

1. d4 Nf6 2. c4 g6 3. Nc3 Bg7 4.
Nf3 O-O 5. e4 d6 6. Be2 e5 7.
O-O Nc6 8. d5 Ne7 9. Ne1 Nd7 10.
f3 f5 11. Be3 f4 12. Bf2 g5 13. Nd3 Nf6 14. c5 Rf7 15. Rc1 Bd7 16. a4 Bf8 17.
cxd6 cxd6 18. Nb5 Ng6 19. Nc7 Bxa4 20. Qxa4 Rxc7 21. Rxc7 Qxc7 22. Rc1 Qg7 23. Qa5 h5 24. Rc7 Be7 25. Rxb7 g4 26. Rxa7 Rxa7 27. Qxa7 g3 28. hxg3 fxg3 29. Bxg3 h4 30. Bf2 Nh5 31. Bf1 Qh6 32.
Qd7 Ng3 33. Qg4 Bg5 34. Qe6+ Kg7 35. Qxd6 Be3 36. Qd7+ Kh8 37. Qc8+ Kh7 38. Qc7+ Kg8 39. d6 h3 40. Qc8+ Kg7 41. Qxh3 Qg5 42. d7 Bxf2+ 43. Nxf2 Nxf1 44. Kxf1 Qc1+ 45. Ke2 Nf4# 0-1

[Event "Early-Titled-Tuesday-Blitz-July-09-2024"]
[Site "Chess.com"]
[Date "2024.07.09"]
[Round "5"]
[White "EgorYakovlev"]
[Black "nindjaxx8"]
[Result "1/2-1/2"]
[WhiteElo "2508"]
[BlackElo "2706"]
[TimeControl "180+1"]
[EndTime "8:58:27 PDT"]
[Termination "Game drawn by repetition"]

1. e4 e6 2. d4 d5 3. Nc3 Bb4 4.
e5 c5 5. Bd2 a6 6. dxc5 Bxc5 7.
Nf3 Nc6 8. Bd3 Nge7 9. O-O Ng6 10. Qe2 Qc7 11. Rae1 b5 12. a3 Bb7 13. h4 Nge7 14.
b4 Bb6 15. Bxb5 axb5 16. Nxb5 Qd7 17. Nd6+ Kf8 18. Ng5 Nd8 19. Qh5 Ng6 20. Kh1 Bc7 21.
Nxb7 Nxb7 22. f4 h6 23. f5 hxg5 24. fxe6 Qxe6 25. Qxg5 Rxh4+ 26. Kg1 Qg4 27. e6 Qxg5 28. Bxg5 Rg4 29. Rxf7+ Kg8 30. Rxc7 Rxg5 31. Rxb7 Re8 32. e7 Kf7 33. Rf1+ Kg8 34. Re1 Nf4 35. Kf2 Nxg2 36. Rg1 Rf5+ 37. Kxg2 Re5 38. Rf1 Re2+ 39. Rf2 Re3 40.
Rf3 Re2+ 41. Rf2 Re3 42. Rf3 Re2+ 43. Rf2 1/2-1/2

[Event "Early-Titled-Tuesday-Blitz-July-09-2024"]
[Site "Chess.com"]
[Date "2024.07.09"]
[Round "5"]
[White "yesilikeorangejuice"]
[Black "anderson2361"]
[Result "0-1"]
[WhiteElo "2522"]
[BlackElo "2208"]
[TimeControl "180+1"]
[EndTime "8:58:27 PDT"]
[Termination "anderson2361 won by resignation"]

1. e4 c5 2. c3 Nf6 3. e5 Nd5 4. Nf3 Nc6 5. d4 cxd4 6. cxd4 d6 7.
Bc4 Nb6 8. Bb5 Bd7 9. exd6 e6 10. O-O Bxd6 11. Nc3 O-O 12. Re1 Ne7 13. Bd3 Ng6 14.
Bg5 Be7 15. Bxe7 Qxe7 16. d5 Qf6 17. dxe6 Bxe6 18. Ne4 Qxb2 19. Nc5 Bg4 20. h3 Bxf3 21. Qxf3 Rae8 22. Reb1 Qd4 23. Nb3 Qd7 24. Nc5 Qd4 25. Nb3 Qd7 26. Bf5 Qd6 27. Qxb7 Re7 28. Qf3 Ne5 29. Qg3 g6 30. Bc2 Rc8 31. Rd1 Qf6 32. Be4 Nbc4 33. Rac1 Rcc7 34. Bd5 Nb2 35. Rxc7 Rxc7 36.
Re1 Nbd3 37. Rd1 a5 38. Rxd3 a4 39. Nd2 Nxd3 40. Qxd3 Rd7 41. Ne4 Qa1+ 42. Kh2 Qe5+ 43. g3 Kg7 44. Nc3 a3 45. Qf3 Rc7 46. Ne2 f5 47. Nf4 Rc2 48. Bb3 Rb2 49. Nd3 Qc3 50.
Nf4 Qxf3 0-1

[Event "Early-Titled-Tuesday-Blitz-July-09-2024"]
[Site "Chess.com"]
[Date "2024.07.09"]
[Round "5"]
[White "albi1999"]
[Black "AlexZambrano"]
[Result "1-0"]
[WhiteElo "2645"]
[BlackElo "2419"]
[TimeControl "180+1"]
[EndTime "8:58:27 PDT"]
[Termination "albi1999 won by resignation"]

1. e4 c5 2. Nf3 d6 3. d4 cxd4 4.
Nxd4 Nf6 5. Nc3 g6 6. f3 Bg7 7.
Be3 O-O 8. Bc4 a6 9. Qd2 Qc7 10. Bb3 b5 11. a4 Nc6 12. axb5 Ne5 13. O-O Nc4 14. Bxc4 Qxc4 15. Nc6 Re8 16. Ra4 Qe6 17. Rfa1 Bb7 18. Nd4 Qc8 19. b6 d5 20. Nxd5 Nxd5 21.
exd5 Bxd5 22. c4 Bb7 23. Rc1 Rd8 24. Qf2 e5 25. Nb3 Bc6 26. Raa1 Rd3 27. Na5 e4 28. Nxc6 Qxc6 29. fxe4 Rad8 30. Kh1 Qxe4 31. Bg5 Rc8 32. c5 Bd4 33. Qf1 Bxc5 34. Rxa6 Qd5 35. Ra5 Rc6 36. b7 Qxg5 37. b8=Q+ Kg7 38. Qb5 Be3 39. Rxc6 Bc5 40. Qbxd3 Qxg2+ 41. Qxg2 Be7 42. Qgf3 Bf6 43. Qdd5 Bg5 44.
Rc7 Bc1 45. Raa7 1-0